 Dungeon Crawl Stone Soup version 0.21.1-1-g345015f (webtiles) character file.

3677 doot the Transmogrifier (level 10, -10/70 HPs)
             Began as a Merfolk Transmuter on June 12, 2018.
             Was an Initiate of Sif Muna.
             Mangled by Grum
             ... wielding a -2 spear
              (17 damage)
             ... on level 8 of the Dungeon.
             The game lasted 00:27:26 (8824 turns).

doot the Transmogrifier (Merfolk Transmuter)        Turns: 8824, Time: 00:27:28

Health: -10/70     AC:  8    Str: 13    XL:     10   Next: 13%
Magic:  13/18      EV: 16    Int: 14    God:    Sif Muna [......]
Gold:   261        SH:  0    Dex: 14    Spells: 8/19 levels left

rFire    x . .     SeeInvis .     - Unarmed
rCold    + . .     Gourm    .   (shield currently unavailable)
rNeg     . . .     Faith    .   b - +0 robe
rPois    .         Spirit   .   N - +2 helmet
rElec    .         Reflect  .   w - +1 cloak {MR+}
rCorr    .         Harm     .   (gloves currently unavailable)
MR       +....                  f - +0 pair of boots (curse)
Stlth    +++.......             (no amulet)
HPRegen  0.21/turn              o - ring of ice
MPRegen  0.16/turn              (no ring)

@: blade hands
A: change form in water, swift swim, stealthy swim
a: End Transformation, Renounce Religion


You were on level 8 of the Dungeon.
You worshipped Sif Muna.
Sif Muna was noncommittal.
You were near starving.
You had blades for hands.
You visited 2 branches of the dungeon, and saw 9 of its levels.
You also visited: Sewer.

You collected 426 gold pieces.
You spent 165 gold pieces at shops.

Inventory:

Hand Weapons
 r - a +0 spear (melded)
 s - a +0 morningstar
 x - a +3 quarterstaff of chaos
Missiles
 a - 120 arrows
Armour
 b - a +0 robe (worn)
 f - a cursed +0 pair of boots (worn)
 w - a +1 cloak of magic resistance (worn)
 L - a cursed +0 leather armour
 N - a +2 helmet (worn)
Jewellery
 o - a ring of ice (left scythe-like blade)
 y - an uncursed ring of flight {unknown}
Wands
 v - a wand of polymorph (15)
 z - a wand of random effects (10)
 K - a wand of flame (38)
Scrolls
 g - 2 scrolls of magic mapping
 h - 4 scrolls of fear {unknown}
 i - 2 scrolls of identify
 j - a scroll of enchant armour {unknown}
 k - 4 scrolls of noise {unknown}
 l - 4 scrolls of blinking {unknown}
 p - a scroll of fog {unknown}
 t - a scroll of teleportation {unknown}
 u - 5 scrolls of remove curse {unknown}
 A - a scroll of amnesia {unknown}
 D - 2 scrolls of immolation {unknown}
 G - a scroll of enchant weapon {unknown}
 M - a scroll of torment {unknown}
Potions
 e - 4 potions of curing
 m - 2 potions of magic {unknown}
 n - a potion of cancellation {unknown}
 q - 2 potions of mutation
 B - 2 potions of ambrosia {unknown}
 C - 3 potions of heal wounds
 E - 4 potions of haste
 F - a potion of lignification {unknown}
 H - a potion of brilliance {unknown}
 I - 2 potions of flight {unknown}
 J - a potion of agility {unknown}
Books
 c - a book of Changes

   Spells                             Type                      Level
   a - Beastly Appendage              Transmutation                1
   b - Sticks to Snakes               Transmutation                2
   c - Spider Form                    Transmutation/Poison         3
   d - Ice Form                       Ice/Transmutation            4
   e - Blade Hands                    Transmutation                5
Comestibles
 d - 10 rations


   Skills:
 + Level 3.1 Fighting
 + Level 5.0 Polearms
 + Level 6.3 Dodging
 + Level 4.1 Stealth
 + Level 8.5 Unarmed Combat
 + Level 5.4 Spellcasting
 * Level 10.3 Transmutations
 + Level 2.5 Poison Magic


You had 8 spell levels left.
You knew the following spells:

 Your Spells              Type           Power        Failure   Level  Hunger
a - Beastly Appendage     Tmut           ####..       9%          1    None
b - Spider Form           Tmut/Pois      ###.......   28%         3    ###....
c - Blade Hands           Tmut           ####......   36%         5    ######.
d - Sticks to Snakes      Tmut           ####....     11%         2    ##.....


Dungeon Overview and Level Annotations

Branches:
Dungeon (8/15)             Temple (1/1) D:7
   Lair: D:8-11

Altars:
Ashenzari
Cheibriados
Dithmenos
Elyvilon
Fedhas
Gozag
Kikubaaqudgha
Makhleb
Nemelex Xobeh
Okawaru
Qazlal
Ru
Sif Muna
Trog
Uskayaw
Vehumet
Wu Jian
Xom
Yredelemnul
Zin
The Shining One

Shops:
D:5 }!}}   D:6 %

Annotations:
D:8 Grum


Message History

You kill the wolf!
Sif Muna accepts your kill.
Your Fighting skill increases to level 3!
The wolf bites you but does no damage. The wolf closely misses you.
You barely miss the wolf. The centaur misses you. The wolf closely misses you.
Grum misses you.
You slash the centaur!
The centaur is severely wounded.
The wolf bites you!
* * * LOW HITPOINT WARNING * * *
The centaur barely misses you. Grum closely misses you.
The wolf barely misses you.
The centaur hits you but does no damage.
You slash the centaur!
You kill the centaur!
Sif Muna accepts your kill. The wolf bites you!
* * * LOW HITPOINT WARNING * * *
Grum hits you from afar with a spear!
You die...

.....# .....#+###############+###
.........................#
......................)..#
.........................+ .
..........>..............##+####.
.###############'##..............
.'...............)#............$.
.#..............@hgh.............
.#..######...#..###l.............
.#####..#########.......#######+#
.#..........# #.......#
.'..........# #.......#
.#..........# #.......#
.#..........# #.......#
.#'######'### #.......#
##..###...#


You could see Grum, 2 wolves and a leopard gecko.

Vanquished Creatures
  The ghost of inc the Shield-Bearer, a novice OpFi (D:5)
  Prince Ribbit (D:7)
  An orc warrior (D:6)
  3 sky beasts (D:7)
  4 centaurs
  6 ogres
  A phantom (D:7)
  A necrophage (D:5)
  2 wolves (D:8)
  A bullfrog (D:6)
  A big kobold (Sewer)
  2 scorpions
  3 crimson imps
  4 orc priests
  4 centaur skeletons
  5 hounds
  A jelly (D:5)
  5 orc wizards
  Crazy Yiuf (D:3)
  Ijyb (D:5)
  3 iguanas
  3 worker ants
  The ghost of Iko the Ducker, a weakling SpBe of Trog (D:6)
  3 adders
  3 gnolls (D:4)
  A shadow imp (D:8)
  3 oozes
  A worm (D:2)
  A dart slug (D:2)
  12 leopard geckos
  36 orcs
  2 ball pythons
  6 bats
  6 giant cockroaches
  3 goblins
  12 hobgoblins
  9 jackals
  18 kobolds
  A quokka (D:5)
  4 frilled lizards
  2 giant cockroach zombies
  A jackal zombie (D:5)
  A leopard gecko skeleton (D:4)
  A quokka zombie (D:5)
  6 rats
187 creatures vanquished.

Vanquished Creatures (collateral kills)
  3 orcs (D:6)
3 creatures vanquished.

Grand Total: 190 creatures vanquished

Notes
Turn   | Place    | Note
-------+----------+-------------------------------------------
     0 | D:1      | doot the Merfolk Transmuter began the quest for the Orb.
     0 | D:1      | Reached XP level 1. HP: 15/15 MP: 3/3
    95 | D:1      | Reached XP level 2. HP: 21/21 MP: 3/5
   867 | D:2      | Reached XP level 3. HP: 24/26 MP: 4/6
   895 | D:2      | Learned a level 3 spell: Spider Form
   899 | D:2      | Reached skill level 3 in Transmutations
   938 | D:2      | Found a shimmering altar of Xom.
   939 | D:2      | Found a white marble altar of Elyvilon.
   943 | D:2      | Found a bloodstained altar of Trog.
  1782 | D:2      | Reached XP level 4. HP: 18/32 MP: 4/7
  2494 | D:3      | Reached skill level 1 in Stealth
  2494 | D:3      | Reached XP level 5. HP: 22/37 MP: 5/9
  2740 | D:3      | Learned a level 5 spell: Blade Hands
  3276 | D:3      | Found a runed door.
  3392 | D:3      | Noticed Crazy Yiuf
  3396 | D:3      | Killed Crazy Yiuf
  3559 | D:4      | Reached skill level 5 in Unarmed Combat
  3559 | D:4      | Reached skill level 4 in Transmutations
  3559 | D:4      | Reached XP level 6. HP: 30/43 MP: 8/10
  3835 | D:4      | Reached skill level 1 in Poison Magic
  4083 | D:4      | Found an iron altar of Okawaru.
  4215 | D:4      | Reached skill level 5 in Transmutations
  4312 | D:4      | Reached XP level 7. HP: 48/48 MP: 7/11
  4659 | D:5      | Entered Level 5 of the Dungeon
  4665 | D:5      | Found Ofeel Refa's Gadget Shoppe.
  4679 | D:5      | Learned a level 2 spell: Sticks to Snakes
  4754 | D:5      | Found a glowing drain.
  4774 | Sewer    | Entered a sewer
  5176 | Sewer    | Found a white marble altar of Elyvilon.
  5291 | D:5      | Noticed Ijyb
  5320 | D:5      | Killed Ijyb
  5320 | D:5      | Reached skill level 1 in Polearms
  5590 | D:5      | Reached skill level 6 in Transmutations
  5753 | D:5      | Reached XP level 8. HP: 56/56 MP: 10/13
  5800 | D:5      | Found Etogrom's Gadget Shop.
  5800 | D:5      | Found Xouneluyj's Distillery.
  5816 | D:5      | Bought a potion of heal wounds for 55 gold pieces
  5816 | D:5      | Bought a potion of haste for 110 gold pieces
  5960 | D:5      | Found Jaumycee's Gadget Shoppe.
  5968 | D:5      | Noticed inc's ghost (novice OpFi)
  6001 | D:5      | Killed inc's ghost
  6001 | D:5      | Reached skill level 5 in Dodging
  6001 | D:5      | Reached skill level 7 in Transmutations
  6306 | D:6      | Found a glowing silver altar of Zin.
  6371 | D:6      | Reached skill level 8 in Transmutations
  6371 | D:6      | Reached XP level 9. HP: 34/60 MP: 7/15
  6643 | D:6      | Noticed Iko's ghost (weakling SpBe)
  6673 | D:6      | Killed Iko's ghost
  6935 | D:6      | Found Seopn's Food Shoppe.
  7342 | D:7      | Reached skill level 5 in Spellcasting
  7837 | D:7      | Reached skill level 9 in Transmutations
  7980 | D:7      | Noticed Prince Ribbit
  8011 | D:7      | Killed Prince Ribbit
  8117 | D:7      | Found a staircase to the Ecumenical Temple.
  8158 | Temple   | Entered the Ecumenical Temple
  8193 | Temple   | Became a worshipper of Sif Muna the Loreminder
  8652 | D:7      | Found an ornate altar of the Wu Jian Council.
  8784 | D:8      | Reached skill level 10 in Transmutations
  8784 | D:8      | Reached XP level 10. HP: 65/69 MP: 11/18
  8802 | D:8      | Noticed Grum
  8818 | D:8      | Reached skill level 5 in Polearms
  8824 | D:8      | Mangled by Grum

Skill      XL: |  1  2  3  4  5  6  7  8  9 10 |
---------------+-------------------------------+-----
Dodging        | 3 4 5 6 |  6.3
Unarmed Combat | 4 5 6 8 |  8.5
Transmutations | 3 4 5 6 8 10 | 10.3
Stealth        | 1 2 3 4 |  4.1
Spellcasting   | 3 4 5 |  5.4
Poison Magic   | 1 2 |  2.5
Polearms       | 2 4 5 |  5.0
Fighting       | 2 3 |  3.1

Action                   |  1- 3 |  4- 6 |  7- 9 | 10-12 || total
-------------------------+-------+-------+-------+-------++-------
Melee: Unarmed           |   106 |   112 |   206 |     7 ||   431
       Headbutt          |    15 |     4 |    13 |       ||    32
       Punch             |     2 |     2 |     4 |       ||     8
       Spear             |       |    52 |   121 |       ||   173
       Tailslap          |       |       |     5 |       ||     5
 Cast: Beastly Appendage |    23 |     6 |    10 |       ||    39
       Spider Form       |     3 |    14 |    16 |       ||    33
       Blade Hands       |       |     1 |    16 |     1 ||    18
       Sticks to Snakes  |       |       |     9 |       ||     9
  Use: Scroll            |       |       |     4 |       ||     4
       Potion            |       |       |     2 |       ||     2
 Stab: Sleeping          |     3 |     3 |    11 |       ||    17
  Eat: Chunk             |     4 |     7 |    19 |       ||    30
       Ration            |       |     1 |     1 |       ||     2
Armor: Robe              |    13 |    11 |    34 |     9 ||    67
       Skin              |     2 |     5 |     2 |       ||     9
Dodge: Dodged            |    84 |   107 |   245 |    19 ||   455
